 Dungeon Crawl Stone Soup version 0.17.0-1-g61d176b (console) character file.

146 gw the Skirmisher (level 5, -1/46 HPs)
             Began as a Draconian Fighter on Nov 7, 2015.
             Was an Initiate of Cheibriados.
             Slain by an orc
             ... wielding a +0 dagger
              (4 damage)
             ... on level 3 of the Dungeon.
             The game lasted 00:02:43 (2722 turns).

gw the Skirmisher (Draconian Fighter)               Turns: 2722, Time: 00:02:43

Health: -1/46      AC:  6    Str: 24    XL:     5   Next: 7%
Magic:  5/5        EV: 11    Int:  9    God:    Cheibriados [......]
Gold:   115        SH: 10    Dex: 13    Spells: 0 memorised, 4 levels left

rFire  . . .     SeeInvis .     a - +0 flail
rCold  . . .     Clarity  .     (armour unavailable)
rNeg   . . .     SustAt   .     b - +0 shield
rPois  .         Gourm    .     (helmet restricted)
rElec  .         Spirit   .     (no cloak)
rCorr  .         Warding  .     (no gloves)
rMut   .         Stasis   .     e - +0 pair of boots
MR     .....                    (no amulet)
Stlth  +.........               (no ring)
                                (no ring)

@: mighty, very slow, not resistant to hostile enchantments, very unstealthy
A: unfitting armour, cold-blooded, AC +5
a: Bend Time, Renounce Religion


You were on level 3 of the Dungeon.
You worshipped Cheibriados.
Cheibriados was noncommittal.
You were not hungry.

You visited 1 branch of the dungeon, and saw 3 of its levels.

You collected 115 gold pieces.

Inventory:

Hand Weapons
 a - a +0 flail (weapon)
Missiles
 f - 37 bolts
Armour
 b - a +0 shield (worn)
 e - a +0 pair of boots (worn)
Potions
 c - 2 potions of might
Comestibles
 d - a bread ration


   Skills:
 + Level 3.9 Fighting
 * Level 3.2 Maces & Flails
 + Level 3.6 Dodging
 + Level 3.7 Shields
 + Level 0.4 Invocations


You had 4 spell levels left.
You didn't know any spells.

Dungeon Overview and Level Annotations

Branches:
Dungeon (3/15)

Altars:
Cheibriados


Innate Abilities, Weirdness & Mutations

Your plain brown scales are hard (AC +5).
Your body does not fit into most forms of armour.
You are cold-blooded and may be slowed by cold attacks.


Message History

Unknown command.
ATTACK MOVE TO (-1,-1)
You sock the orc!
You kill the orc!
Cheibriados appreciates the change of pace.
The bat barely misses you. You block the jackal's attack.
You block the jackal's attack.
Unknown command.
Unknown command.
Unknown command.
Unknown command.
ATTACK MOVE TO (-1,-1)
You barely miss the bat. You tail-slap the bat.
You kill the bat!
Cheibriados thoroughly appreciates the change of pace.
The jackal barely misses you.
The jackal bites you but does no damage.
The orc priest closely misses you. You block the jackal's attack.
You block the jackal's attack. The orc hits you with a dagger.
You die...

#. #.........###
#.#######...(.....+.#
#.......'.........#.#
#....####.........#..
##.#.#..'._..[#......
#.#.#.##...#.#......
##.##.#.#......#........
.....oohh..............>
.#..o.#d#....##.#.......
##.###.#....# .#.##.#..
#. #.#....# .#.##.#.#
#.#....# .#.......
..+....+ #.......
..#....# #.......
..#....# #....... ####
#....... ########


You could see an orc priest, an orc and 2 jackals.

Table legend:
 A = Turns spent in this place as a percentage of turns spent in the entire game.
 B = Non-inter-level travel turns spent in this place as a percentage of non-inter-level travel turns spent in the entire game.
 C = Inter-level travel turns spent in this place as a percentage of turns spent in this place.
 D = Turns resting spent in this place as a percentage of non-inter-level travel turns spent in this place.
 E = Turns spent auto-exploring this place as a percentage of non-inter-level travel turns spent in this place.
 F = Non-inter-level travel turns spent in this place divided by the number of levels of this place that you've seen.
                   A       B       C       D       E      F
               +-------+-------+-------+-------+-------+----------------------
         Total | 100.0 | 100.0 |   0.6 |   0.9 |   2.6 | 1264.7
       Dungeon | 100.0 | 100.0 |   0.6 |   0.9 |   2.6 | 1264.7
               +-------+-------+-------+-------+-------+----------------------

Table legend:
 A = Kills in this place as a percentage of kills in entire the game.
 B = Kills by you in this place as a percentage of kills by you in the entire game.
 C = Kills by friends in this place as a percentage of kills by friends in the entire game.
 D = Other kills in this place as a percentage of other kills in the entire game.
 E = Experience gained in this place as a percentage of experience gained in the entire game.
 F = Experience gained in this place divided by the number of levels of this place that you have seen.
                   A       B       C       D       E      F
               +-------+-------+-------+-------+-------+----------------------
         Total | 100.0 | 100.0 |  -nan |  -nan | 100.0 |  69.7
       Dungeon | 100.0 | 100.0 |  -nan |  -nan | 100.0 |  69.7
               +-------+-------+-------+-------+-------+----------------------

Vanquished Creatures
  An orc wizard (D:3)
  Natasha (D:2)
  5 adders
  7 orcs (D:3)
  9 bats
  4 goblins
  5 hobgoblins
  A jackal (D:3)
  A quokka (D:2)
  A ball python (D:2)
  A giant cockroach (D:1)
  A giant newt (D:2)
  8 kobolds
  4 rats
49 creatures vanquished.

Notes
Turn   | Place    | Note
--------------------------------------------------------------
     0 | D:1      | gw the Draconian Fighter began the quest for the Orb.
     0 | D:1      | Reached XP level 1. HP: 19/19 MP: 1/1
   525 | D:1      | Reached XP level 2. HP: 26/26 MP: 2/2
  1283 | D:2      | Noticed Natasha
  1297 | D:2      | Killed Natasha
  1297 | D:2      | Reached XP level 3. HP: 22/31 MP: 3/3
  1968 | D:2      | Reached XP level 4. HP: 36/40 MP: 4/4
  2607 | D:3      | Reached XP level 5. HP: 42/46 MP: 5/5
  2680 | D:3      | Found a snail-covered altar of Cheibriados.
  2688 | D:3      | Became a worshipper of Cheibriados the Contemplative
  2722 | D:3      | Slain by an orc

Action                   |  1- 3 |  4- 6 || total
-------------------------+-------+-------++-------
Melee: Flail             |   100 |    52 ||   152
  Use: Potion            |     1 |     1 ||     2
  Eat: Chunk             |     4 |     2 ||     6

Vault maps used:
D:1:      dpeg_arrival_snail
D:2:      hex_medium, uniq_natasha
D:3:      cheibriados_altar_1
